RedWings vs Flames

Created - Saturday, October 24, 2015 at 00:10

Goals
1 2 3 T
RedWings 0 1 1 2
Flames 1 2 0 3
Shots
1 2 3 T
RedWings 4 10 14 28
Flames 11 12 8 31

1st period

1. Flames , Jaden Schwartz 3 (Jason Pominville, Jason Spezza) at 1:39 (PP)

Penalties :
Patrick Sharp (Det) for Roughing (Minor) at 0:33, Eric Gryba (Det) for Roughing (Minor) at 2:10, Steve Downie (Det) for High sticking (Minor) at 8:52, Lance Bouma (Cal) for Holding (Minor) at 15:22, Eric Gryba (Det) for High sticking (Minor) at 18:11

2nd period

2. Flames , Jaden Schwartz 4 (Jason Spezza) at 5:46
3. Flames , Aleksander Barkov 1 (Michael Frolik) at 12:33 (SH)
4. RedWings , Tomas Kopecky 1 (Ryan White, Steve Downie) at 16:49

Penalties :
Lance Bouma (Cal) for High sticking (Double Minor) at 11:10, Lance Bouma (Cal) for Hooking (Minor) at 16:59

3rd period

5. RedWings , Chris VandeVelde 2 (Tomas Kopecky, Mark Letestu) at 1:42

Penalties :
Shane Doan (Det) for Hooking (Minor) at 5:39, Eric Gryba (Det) for Goalie Interference (Minor) at 10:59, Patrick Sharp (Det) for Roughing (Minor) at 13:17, Shane Doan (Det) for Hooking (Minor) at 13:46, Lance Bouma (Cal) for Head-butting (Major / Game Misconduct) at 19:44

Goalie Stats

Jonas Hiller (Det), 28 saves from 31 shots - (0.903), L, 2-4-0, 59:13 minutes
Antti Niemi (Cal), 26 saves from 28 shots - (0.929), W, 3-3-1, 60:00 minutes

Players Stats for RedWings

Player Name              G  A  P  +/- PIM S  H  SB GA TA FO     MP     PP MP  PK MP  
------------------------------------------------------------------------------------
Aaron Ekblad             0  0  0  -2  0   4  0  2  0  2  0/0    22:40   4:15   5:12 
Alexei Emelin            0  0  0   0  0   4  3  0  0  1  0/0    21:17   3:57   5:12 
Chris VandeVelde         1  0  1   0  0   1  0  0  1  0  1/2    15:28   0:00   6:33 
Devante Smith-Pelly      0  0  0   0  0   1  2  0  0  2  5/15   20:02   4:25   2:09 
Eric Gryba               0  0  0   2  6   0  1  1  0  1  0/0    12:30   0:00   0:00 
John-Michael Liles       0  0  0   2  0   0  0  0  1  0  0/0    11:39   0:00   0:00 
Mark Letestu             0  1  1   0  0   2  0  0  1  0  10/18  20:45   3:48   7:22 
Martin Erat              0  0  0   0  0   2  3  1  0  1  0/1    16:38   3:57   0:40 
Milan Michalek           0  0  0  -1  0   5  2  0  1  1  0/0    15:08   4:24   0:19 
Nick Leddy               0  0  0  -2  0   0  1  2  0  1  0/0    27:04   4:15   8:17 
Patrick Sharp            0  0  0   0  4   2  3  0  2  0  1/1    16:37   3:48   0:16 
Paul Postma              0  0  0   0  0   0  0  0  0  0  0/0     0:00   0:00   0:00 
Ryan White               0  1  1   1  0   0  0  0  0  2  1/3     5:21   0:00   0:00 
Shane Doan               0  0  0  -1  4   0  3  0  3  0  0/1    23:50   3:25   5:09 
Shawn Horcoff            0  0  0  -1  0   0  1  0  1  1  9/14   14:49   4:24   0:00 
Steve Downie             0  1  1   1  2   1  1  0  1  0  0/0     5:28   0:00   0:00 
Tomas Kopecky            1  1  2   1  0   1  0  1  0  3  0/0    13:53   0:22   2:59 
Zbynek Michalek          0  0  0   0  0   5  1  2  1  3  0/0    21:44   0:00   8:17 

Players Stats for Flames

Player Name              G  A  P  +/- PIM S  H  SB GA TA FO     MP     PP MP  PK MP  
------------------------------------------------------------------------------------
Aleksander Barkov        1  0  1   1  0   6  0  0  4  1  10/15  14:00   0:00   3:46 
Brian Campbell           0  0  0   0  0   0  1  1  0  0  0/0    18:41   7:07   0:00 
David Savard             0  0  0   1  0   3  0  1  0  0  0/0    15:28   0:00   4:21 
Dougie Hamilton          0  0  0   0  0   0  1  0  0  0  0/0    20:17   7:07   0:00 
Jaden Schwartz           2  0  2   1  0   5  4  0  2  0  0/2    17:38   6:28   0:00 
Jason Pominville         0  1  1   1  0   2  1  0  1  0  0/0    17:38   6:28   0:00 
Jason Spezza             0  2  2   1  0   0  0  1  1  0  5/13   17:38   6:28   0:00 
Johnny Gaudreau          0  0  0  -1  0   3  0  1  1  0  0/0    15:50   7:01   0:22 
Kris Russell             0  0  0  -1  0   1  1  1  1  1  0/0    22:21   6:22   3:51 
Lance Bouma              0  0  0  -1  23  0  0  0  2  0  0/1     8:43   0:00   0:00 
Martin St. Louis         0  0  0  -1  0   2  1  1  2  0  0/3    15:28   7:01   0:00 
Michael Frolik           0  1  1   1  0   1  1  1  0  1  1/1    14:07   0:00   3:46 
Mikael Backlund          0  0  0  -1  0   1  0  0  3  0  5/9    12:54   0:00   4:26 
Nick Spaling             0  0  0  -1  0   1  2  0  0  0  0/0    12:25   0:00   4:04 
Reilly Smith             0  0  0   0  0   1  0  1  2  0  0/0     9:55   0:00   0:00 
Sean Monahan             0  0  0  -1  0   1  1  0  3  1  7/11   15:28   7:01   0:00 
TJ Brodie                0  0  0   1  0   3  0  1  1  3  0/0    18:58   0:00   4:21 
Toby Enstrom             0  0  0  -1  0   1  2  5  0  0  0/0    24:15   6:22   3:51 

3 Stars

1 - Jaden Schwartz (Cal)
2 - Tomas Kopecky (Det)
3 - Jason Spezza (Cal)

Power Play

RedWings - 0 on 5 Attempt(s) - 0.00%
Flames - 1 on 8 Attempt(s) - 12.50%

Penalty Kill

RedWings - 7 on 8 Attempt(s) - 87.50% - Score 0 goal in Penalty Kill
Flames - 5 on 5 Attempt(s) - 100.00% - Score 1 goal in Penalty Kill

Team Stat

RedWings - Hits : 21 - Faceoff Wins : 27 - Blocked Shots : 9 - Penalty Minutes : 16
Flames - Hits : 15 - Faceoff Wins : 28 - Blocked Shots : 14 - Penalty Minutes : 23

Official

Referees : Unknown
Linesman : Unknown

Game Notes

Lance Bouma ejected from game at 19:44 of 3rd period
Lance Bouma from Flames is suspended for 2 game(s)

Finance

Level 1 -- Attendance: 4062 (67.70%) -- Ticket Income $406,200
Level 2 -- Attendance: 3388 (67.76%) -- Ticket Income $203,280
Level 3 -- Attendance: 1542 (77.10%) -- Ticket Income $53,970
Level 4 -- Attendance: 2835 (70.88%) -- Ticket Income $56,700
Luxury Box -- Attendance: 782 (78.20%) -- Ticket Income $156,400
Game was played at the Pengrowth Saddledome.
Total Attendance: 12609 (70.05%)
Total Ticket Income: $876,550
Other Income: $429,510
Total Income: $1,306,060

RedWings

5 vs 5 Forward 
   Center                   Left Wing                Right Wing               Time % Phy DF OF 
 1 Shawn Horcoff            Shane Doan               Milan Michalek           35     1   2  2  
 2 Devante Smith-Pelly      Patrick Sharp            Martin Erat              30     1   2  2  
 3 Mark Letestu             Tomas Kopecky            Chris VandeVelde         22     1   2  2  
 4 Ryan White               Steve Downie             Shane Doan               13     1   2  2  

5 vs 5 Defense 
   Defense                  Defense                                           Time % Phy DF OF 
 1 Aaron Ekblad             Nick Leddy                                        35     1   2  2  
 2 Alexei Emelin            Zbynek Michalek                                   30     1   2  2  
 3 John-Michael Liles       Eric Gryba                                        22     1   2  2  
 4 Aaron Ekblad             Nick Leddy                                        13     1   2  2  

PowerPlay Forward 
   Center                   Left Wing                Right Wing               Time % Phy DF OF 
 1 Shawn Horcoff            Shane Doan               Milan Michalek           60     1   0  4  
 2 Devante Smith-Pelly      Patrick Sharp            Mark Letestu             40     1   0  4  

PowerPlay Defense
   Defense                  Defense                                           Time % Phy DF OF 
 1 Aaron Ekblad             Nick Leddy                                        60     1   1  3  
 2 Alexei Emelin            Martin Erat                                       40     1   1  3  

Penalty Kill 4 Players Forward 
   Center                   Wing                     Time % Phy DF OF 
 1 Mark Letestu             Shane Doan               60     1   2  2  
 2 Chris VandeVelde         Tomas Kopecky            40     1   2  2  

Penalty Kill 4 Players Defense
   Defense                  Defense                  Time % Phy DF OF 
 1 Zbynek Michalek          Nick Leddy               60     1   2  2  
 2 Alexei Emelin            Aaron Ekblad             40     1   2  2  

Penalty Kill - 3 Players Forward 
   Forward                                           Time % Phy DF OF 
 1 Mark Letestu                                      60     1   2  2  
 2 Milan Michalek                                    40     1   2  2  

Penalty Kill - 3 Players Defense
   Defense                  Defense                  Time % Phy DF OF 
 1 Zbynek Michalek          Nick Leddy               60     1   2  2  
 2 Alexei Emelin            Aaron Ekblad             40     1   2  2  

4 vs 4 Forward 
   Center                   Wing                     Time % Phy DF OF 
 1 Shane Doan               Mark Letestu             60     1   2  2  
 2 Chris VandeVelde         Tomas Kopecky            40     1   2  2  

4 vs 4 Defense
   Defense                  Defense                  Time % Phy DF OF 
 1 Zbynek Michalek          Nick Leddy               60     1   2  2  
 2 Alexei Emelin            Aaron Ekblad             40     1   2  2  

Last Minutes Offensive
   Center                   Left Wing                Right Wing               Defense                  Defense                  
   Shawn Horcoff            Shane Doan               Milan Michalek           Zbynek Michalek          Nick Leddy               

Last Minutes Defensive
   Center                   Left Wing                Right Wing               Defense                  Defense                  
   Shawn Horcoff            Shane Doan               Milan Michalek           Zbynek Michalek          Nick Leddy               

Goaltenders
Starting : Jonas Hiller             
Backup : Ben Scrivens             

Extra Forwards
Normal : Mark Letestu, Tomas Kopecky, Chris VandeVelde - PP : Mark Letestu, Tomas Kopecky - PK : Chris VandeVelde
Extra Defensemen
Normal : John-Michael Liles, Eric Gryba, Alexei Emelin - PP : John-Michael Liles - PK : Eric Gryba, Alexei Emelin
Penalty Shots
Shane Doan, Milan Michalek, Patrick Sharp, Shawn Horcoff, Martin Erat

Flames

5 vs 5 Forward 
   Center                   Left Wing                Right Wing               Time % Phy DF OF 
 1 Jason Spezza             Jaden Schwartz           Jason Pominville         30     0   1  4  
 2 Sean Monahan             Johnny Gaudreau          Martin St. Louis         25     0   1  4  
 3 Aleksander Barkov        Reilly Smith             Michael Frolik           25     0   2  3  
 4 Mikael Backlund          Nick Spaling             Lance Bouma              20     1   2  2  

5 vs 5 Defense 
   Defense                  Defense                                           Time % Phy DF OF 
 1 TJ Brodie                Dougie Hamilton                                   35     1   2  2  
 2 Toby Enstrom             Kris Russell                                      30     1   2  2  
 3 Brian Campbell           David Savard                                      25     1   2  2  
 4 TJ Brodie                Toby Enstrom                                      10     1   2  2  

PowerPlay Forward 
   Center                   Left Wing                Right Wing               Time % Phy DF OF 
 1 Jason Spezza             Jaden Schwartz           Jason Pominville         50     0   0  5  
 2 Sean Monahan             Johnny Gaudreau          Martin St. Louis         50     0   0  5  

PowerPlay Defense
   Defense                  Defense                                           Time % Phy DF OF 
 1 Brian Campbell           Dougie Hamilton                                   50     0   1  4  
 2 Toby Enstrom             Kris Russell                                      50     0   1  4  

Penalty Kill 4 Players Forward 
   Center                   Wing                     Time % Phy DF OF 
 1 Aleksander Barkov        Michael Frolik           50     0   5  0  
 2 Mikael Backlund          Lance Bouma              50     2   3  0  

Penalty Kill 4 Players Defense
   Defense                  Defense                  Time % Phy DF OF 
 1 TJ Brodie                David Savard             50     0   5  0  
 2 Kris Russell             Toby Enstrom             50     0   5  0  

Penalty Kill - 3 Players Forward 
   Forward                                           Time % Phy DF OF 
 1 Aleksander Barkov                                 50     0   5  0  
 2 Mikael Backlund                                   50     0   5  0  

Penalty Kill - 3 Players Defense
   Defense                  Defense                  Time % Phy DF OF 
 1 TJ Brodie                Toby Enstrom             50     0   5  0  
 2 Kris Russell             David Savard             50     0   5  0  

4 vs 4 Forward 
   Center                   Wing                     Time % Phy DF OF 
 1 Jason Spezza             Jason Pominville         50     1   2  2  
 2 Sean Monahan             Johnny Gaudreau          50     1   2  2  

4 vs 4 Defense
   Defense                  Defense                  Time % Phy DF OF 
 1 TJ Brodie                Brian Campbell           50     1   2  2  
 2 Toby Enstrom             Dougie Hamilton          50     1   2  2  

Last Minutes Offensive
   Center                   Left Wing                Right Wing               Defense                  Defense                  
   Jason Spezza             Jaden Schwartz           Jason Pominville         Toby Enstrom             Dougie Hamilton          

Last Minutes Defensive
   Center                   Left Wing                Right Wing               Defense                  Defense                  
   Mikael Backlund          Lance Bouma              Michael Frolik           TJ Brodie                David Savard             

Goaltenders
Starting : Antti Niemi              
Backup : James Reimer             

Extra Forwards
Normal : Aleksander Barkov, Mikael Backlund, Lance Bouma - PP : Aleksander Barkov, Reilly Smith - PK : Nick Spaling
Extra Defensemen
Normal : Dougie Hamilton, TJ Brodie, Brian Campbell - PP : TJ Brodie - PK : Dougie Hamilton, Brian Campbell
Penalty Shots
Jason Spezza, Sean Monahan, Jason Pominville, Aleksander Barkov, Martin St. Louis

% Time on Ice - RedWings

Lines # - Real PCT - Wanted PCT - Time Play
Normal Forward
1 - 29% - 35% - 10:52
2 - 36% - 30% - 13:32
3 - 21% - 22% - 7:58
4 - 14% - 13% - 5:21
Normal Defense
1 - 35% - 35% - 13:14
2 - 32% - 30% - 12:08
3 - 31% - 22% - 11:39
4 - 2% - 13% - 0:42
PP Forward
1 - 54% - 60% - 4:24
2 - 46% - 40% - 3:48
PP Defense
1 - 52% - 60% - 4:15
2 - 48% - 40% - 3:57
PK Forward
1 - 73% - 60% - 8:44
2 - 27% - 40% - 3:15
PK Defense
1 - 69% - 60% - 8:17
2 - 31% - 40% - 3:42
PK3 Forward
1 - 97% - 60% - 1:27
2 - 3% - 40% - 0:03
PK3 Defense
1 - 0% - 60% - 0:00
2 - 100% - 40% - 1:30
44 Forward
1 - 0% - 60%
2 - 0% - 40%
44 Defense
1 - 0% - 60%
2 - 0% - 40%
Last Minute Offensive  - 0:36
Last Minute Defensive  - 0:00
Total
Forward - 60:00
Defense - 60:00

% Time on Ice - Flames

Lines # - Real PCT - Wanted PCT - Time Play
Normal Forward
1 - 30% - 30% - 11:29
2 - 23% - 25% - 8:57
3 - 26% - 25% - 9:55
4 - 21% - 20% - 7:51
Normal Defense
1 - 35% - 35% - 13:23
2 - 32% - 30% - 12:08
3 - 28% - 25% - 10:47
4 - 5% - 10% - 1:54
PP Forward
1 - 48% - 50% - 6:28
2 - 52% - 50% - 7:01
PP Defense
1 - 53% - 50% - 7:07
2 - 47% - 50% - 6:22
PK Forward
1 - 46% - 50% - 3:46
2 - 54% - 50% - 4:26
PK Defense
1 - 53% - 50% - 4:21
2 - 47% - 50% - 3:51
PK3 Forward
1 - 0% - 50%
2 - 0% - 50%
PK3 Defense
1 - 0% - 50%
2 - 0% - 50%
44 Forward
1 - 0% - 50%
2 - 0% - 50%
44 Defense
1 - 0% - 50%
2 - 0% - 50%
Last Minute Offensive  - 0:00
Last Minute Defensive  - 0:07
Total
Forward - 60:00
Defense - 60:00

Play by Play

1st period


0:01 of 1st period - Shawn Horcoff wins face-off versus Jason Spezza in neutral zone.
0:22 of 1st period - Wrist shot by Jason Pominville.
0:22 of 1st period - Shot Misses the Net.
0:24 of 1st period - Slapshot by Dougie Hamilton.
0:24 of 1st period - Shot Blocked by Nick Leddy.
0:28 of 1st period - Slapshot by Jaden Schwartz.
0:28 of 1st period - Shot Misses the Net.
0:30 of 1st period - Wrist shot by TJ Brodie.
0:30 of 1st period - Stopped by Jonas Hiller without a rebound.
0:31 of 1st period - Devante Smith-Pelly wins face-off versus Martin St. Louis in RedWings zone.
0:33 of 1st period - Minor Penalty to Patrick Sharp for Roughing.
0:34 of 1st period - Sean Monahan wins face-off versus Shane Doan in RedWings zone.
1:30 of 1st period - Nick Leddy is hit by Jaden Schwartz and loses puck.
1:37 of 1st period - Wrist shot by Jason Pominville.
1:37 of 1st period - Stopped by Jonas Hiller with a rebound.
1:39 of 1st period - Slapshot by Jaden Schwartz.
1:39 of 1st period - Goal by Jaden Schwartz - RedWings : 0 - Flames : 1.
1:40 of 1st period - Aleksander Barkov wins face-off versus Devante Smith-Pelly in neutral zone.
1:59 of 1st period - Wrist shot by Aleksander Barkov.
1:59 of 1st period - Stopped by Jonas Hiller with a rebound.
2:10 of 1st period - Minor Penalty to Eric Gryba for Roughing.
2:11 of 1st period - Jason Spezza wins face-off versus Mark Letestu in RedWings zone.
2:29 of 1st period - Snap shot by Jaden Schwartz.
2:29 of 1st period - Shot Misses the Net.
4:01 of 1st period - Shane Doan is hit by Dougie Hamilton and loses puck.
4:10 of 1st period - Penalty to Eric Gryba is over, Eric Gryba is back on ice.
4:15 of 1st period - Off-side.
4:16 of 1st period - Sean Monahan wins face-off versus Devante Smith-Pelly in neutral zone.
4:34 of 1st period - Off-side.
4:35 of 1st period - Mikael Backlund wins face-off versus Shawn Horcoff in neutral zone.
4:48 of 1st period - Wrist shot by Mikael Backlund.
4:48 of 1st period - Shot Misses the Net.
4:52 of 1st period - Slapshot by Brian Campbell.
4:52 of 1st period - Shot Misses the Net.
5:22 of 1st period - David Savard is hit by Martin Erat.
5:36 of 1st period - Wrist shot by Martin Erat.
5:36 of 1st period - Stopped by Antti Niemi with a rebound.
5:38 of 1st period - Snap shot by Zbynek Michalek.
5:38 of 1st period - Stopped by Antti Niemi without a rebound.
5:39 of 1st period - Jason Spezza wins face-off versus Mark Letestu in Flames zone.
5:50 of 1st period - TJ Brodie is hit by Alexei Emelin and loses puck.
5:57 of 1st period - Slapshot by Nick Leddy.
5:57 of 1st period - Shot Misses the Net.
5:59 of 1st period - Wrist shot by Mark Letestu.
5:59 of 1st period - Shot Misses the Net.
6:01 of 1st period - Snap shot by Mark Letestu.
6:01 of 1st period - Stopped by Antti Niemi without a rebound.
6:02 of 1st period - Sean Monahan wins face-off versus Devante Smith-Pelly in Flames zone.
6:15 of 1st period - Wrist shot by Patrick Sharp.
6:15 of 1st period - Stopped by Antti Niemi without a rebound.
6:16 of 1st period - Patrick Sharp wins face-off versus Martin St. Louis in Flames zone.
6:42 of 1st period - Snap shot by Johnny Gaudreau.
6:42 of 1st period - Stopped by Jonas Hiller with a rebound.
7:10 of 1st period - Snap shot by Shane Doan.
7:10 of 1st period - Shot Blocked by Toby Enstrom.
7:12 of 1st period - Wrist shot by Milan Michalek.
7:12 of 1st period - Shot Misses the Net.
7:14 of 1st period - Slapshot by Aaron Ekblad.
7:14 of 1st period - Shot Misses the Net.
7:16 of 1st period - Snap shot by Shawn Horcoff.
7:16 of 1st period - Deflect By Shane Doan.
7:16 of 1st period - Shot Misses the Net.
7:16 of 1st period - Puck is out of play.
7:17 of 1st period - Shawn Horcoff wins face-off versus Aleksander Barkov in Flames zone.
7:22 of 1st period - Snap shot by Milan Michalek.
7:22 of 1st period - Shot Misses the Net.
8:50 of 1st period - Wrist shot by Jaden Schwartz.
8:50 of 1st period - Stopped by Jonas Hiller with a rebound.
8:52 of 1st period - Minor Penalty to Steve Downie for High sticking.
8:53 of 1st period - Sean Monahan wins face-off versus Mark Letestu in RedWings zone.
9:02 of 1st period - Wrist shot by Martin St. Louis.
9:02 of 1st period - Stopped by Jonas Hiller with a rebound.
9:46 of 1st period - Zbynek Michalek is hit by Jaden Schwartz and loses puck.
10:17 of 1st period - Snap shot by Martin St. Louis.
10:17 of 1st period - Shot Blocked by Zbynek Michalek.
10:23 of 1st period - Snap shot by Sean Monahan.
10:23 of 1st period - Shot Blocked by Nick Leddy.
10:45 of 1st period - Snap shot by Jaden Schwartz.
10:45 of 1st period - Stopped by Jonas Hiller without a rebound.
10:46 of 1st period - Mark Letestu wins face-off versus Jaden Schwartz in RedWings zone.
10:46 of 1st period - Mark Letestu is hit by Toby Enstrom.
10:52 of 1st period - Penalty to Steve Downie is over, Steve Downie is back on ice.
10:56 of 1st period - Toby Enstrom is hit by Shane Doan.
11:24 of 1st period - Aaron Ekblad is hit by Nick Spaling and loses puck.
11:47 of 1st period - Aleksander Barkov is hit by Shawn Horcoff and loses puck.
12:02 of 1st period - Slapshot by Shane Doan.
12:02 of 1st period - Shot Misses the Net.
12:09 of 1st period - Icing by TJ Brodie.
12:10 of 1st period - Aleksander Barkov wins face-off versus Ryan White in Flames zone.
13:00 of 1st period - Off-side.
13:01 of 1st period - Jason Spezza wins face-off versus Mark Letestu in neutral zone.
14:03 of 1st period - Jason Spezza is hit by Alexei Emelin and loses puck.
15:01 of 1st period - Wrist shot by Shawn Horcoff.
15:01 of 1st period - Shot Misses the Net.
15:03 of 1st period - Slapshot by Aaron Ekblad.
15:03 of 1st period - Shot Blocked by Johnny Gaudreau.
15:07 of 1st period - Snap shot by Shane Doan.
15:07 of 1st period - Shot Misses the Net.
15:22 of 1st period - Minor Penalty to Lance Bouma for Holding.
15:23 of 1st period - Aleksander Barkov wins face-off versus Devante Smith-Pelly in Flames zone.
16:20 of 1st period - Slapshot by Aleksander Barkov.
16:20 of 1st period - Shot Misses the Net.
17:22 of 1st period - Penalty to Lance Bouma is over, Lance Bouma is back on ice.
17:37 of 1st period - Jason Pominville is hit by Patrick Sharp and loses puck.
17:56 of 1st period - Slapshot by Chris VandeVelde.
17:56 of 1st period - Shot Misses the Net.
18:11 of 1st period - Minor Penalty to Eric Gryba for High sticking.
18:12 of 1st period - Sean Monahan wins face-off versus Mark Letestu in RedWings zone.
18:17 of 1st period - Snap shot by Johnny Gaudreau.
18:17 of 1st period - Stopped by Jonas Hiller with a rebound.
18:19 of 1st period - Snap shot by Martin St. Louis.
18:19 of 1st period - Stopped by Jonas Hiller without a rebound.
18:20 of 1st period - Mark Letestu wins face-off versus Sean Monahan in RedWings zone.
18:25 of 1st period - Wrist shot by Shane Doan.
18:25 of 1st period - Shot Misses the Net.
19:54 of 1st period - Wrist shot by Sean Monahan.
19:54 of 1st period - Stopped by Jonas Hiller with a rebound.
19:56 of 1st period - Snap shot by Martin St. Louis.
19:56 of 1st period - Shot Blocked by Tomas Kopecky.
19:58 of 1st period - Snap shot by Martin St. Louis.
19:58 of 1st period - Shot Blocked by Zbynek Michalek.
Goals for this period are 0 for RedWings vs 1 for Flames.
Shots for this period are 4 for RedWings vs 11 for Flames.

2nd period


0:01 of 2nd period - Mark Letestu wins face-off versus Jason Spezza in neutral zone.
0:11 of 2nd period - Penalty to Eric Gryba is over, Eric Gryba is back on ice.
1:02 of 2nd period - Slapshot by TJ Brodie.
1:02 of 2nd period - Stopped by Jonas Hiller with a rebound.
1:04 of 2nd period - Snap shot by TJ Brodie.
1:04 of 2nd period - Stopped by Jonas Hiller without a rebound.
1:05 of 2nd period - Aleksander Barkov wins face-off versus Martin Erat in RedWings zone.
1:34 of 2nd period - TJ Brodie is hit by Martin Erat and loses puck.
1:41 of 2nd period - Snap shot by Aleksander Barkov.
1:41 of 2nd period - Shot Misses the Net.
2:55 of 2nd period - Snap shot by Mikael Backlund.
2:55 of 2nd period - Deflect By Aaron Ekblad.
2:55 of 2nd period - Stopped by Jonas Hiller without a rebound.
2:56 of 2nd period - Shawn Horcoff wins face-off versus Jason Spezza in RedWings zone.
3:07 of 2nd period - Snap shot by Milan Michalek.
3:07 of 2nd period - Stopped by Antti Niemi without a rebound.
3:08 of 2nd period - Shawn Horcoff wins face-off versus Jason Spezza in Flames zone.
3:16 of 2nd period - Off-side.
3:17 of 2nd period - Mikael Backlund wins face-off versus Mark Letestu in neutral zone.
4:09 of 2nd period - Icing by Michael Frolik.
4:10 of 2nd period - Aleksander Barkov wins face-off versus Shawn Horcoff in Flames zone.
4:35 of 2nd period - Snap shot by Aleksander Barkov.
4:35 of 2nd period - Stopped by Jonas Hiller with a rebound.
5:00 of 2nd period - Snap shot by Shane Doan.
5:00 of 2nd period - Shot Blocked by Reilly Smith.
5:04 of 2nd period - Wrist shot by Shane Doan.
5:04 of 2nd period - Shot Misses the Net.
5:06 of 2nd period - Slapshot by Zbynek Michalek.
5:06 of 2nd period - Shot Misses the Net.
5:08 of 2nd period - Snap shot by Alexei Emelin.
5:08 of 2nd period - Shot Blocked by Michael Frolik.
5:10 of 2nd period - Snap shot by Zbynek Michalek.
5:10 of 2nd period - Shot Blocked by Kris Russell.
5:12 of 2nd period - Slapshot by Zbynek Michalek.
5:12 of 2nd period - Stopped by Antti Niemi with a rebound.
5:27 of 2nd period - Off-side.
5:28 of 2nd period - Mark Letestu wins face-off versus Jason Spezza in neutral zone.
5:37 of 2nd period - Nick Leddy is hit by Jason Pominville and loses puck.
5:46 of 2nd period - Wrist shot by Jaden Schwartz.
5:46 of 2nd period - Goal by Jaden Schwartz - RedWings : 0 - Flames : 2.
5:47 of 2nd period - Devante Smith-Pelly wins face-off versus Sean Monahan in neutral zone.
6:08 of 2nd period - Wrist shot by Martin Erat.
6:08 of 2nd period - Shot Misses the Net.
6:10 of 2nd period - Slapshot by Zbynek Michalek.
6:10 of 2nd period - Stopped by Antti Niemi without a rebound.
6:11 of 2nd period - Mark Letestu wins face-off versus Jason Spezza in Flames zone.
6:12 of 2nd period - Slapshot by Aaron Ekblad.
6:12 of 2nd period - Stopped by Antti Niemi with a rebound.
6:30 of 2nd period - Snap shot by Jason Pominville.
6:30 of 2nd period - Shot Blocked by Aaron Ekblad.
6:32 of 2nd period - Slapshot by Brian Campbell.
6:32 of 2nd period - Shot Blocked by Aaron Ekblad.
6:34 of 2nd period - Slapshot by David Savard.
6:34 of 2nd period - Stopped by Jonas Hiller with a rebound.
6:36 of 2nd period - Slapshot by David Savard.
6:36 of 2nd period - Stopped by Jonas Hiller with a rebound.
6:38 of 2nd period - Slapshot by David Savard.
6:38 of 2nd period - Stopped by Jonas Hiller with a rebound.
7:12 of 2nd period - Snap shot by Mikael Backlund.
7:12 of 2nd period - Shot Hit the Post.
7:16 of 2nd period - Wrist shot by Nick Spaling.
7:16 of 2nd period - Stopped by Jonas Hiller with a rebound.
8:20 of 2nd period - Wrist shot by Milan Michalek.
8:20 of 2nd period - Shot Hit the Post.
9:32 of 2nd period - Michael Frolik is hit by Steve Downie and loses puck.
9:51 of 2nd period - Snap shot by Steve Downie.
9:51 of 2nd period - Stopped by Antti Niemi with a rebound.
10:01 of 2nd period - John-Michael Liles is hit by Jaden Schwartz and loses puck.
10:08 of 2nd period - Jaden Schwartz is hit by Milan Michalek and loses puck.
10:27 of 2nd period - Slapshot by Patrick Sharp.
10:27 of 2nd period - Shot Blocked by David Savard.
10:51 of 2nd period - Lance Bouma is hit by Shane Doan and loses puck.
11:10 of 2nd period - Double Minor Penalty to Lance Bouma for High sticking.
11:11 of 2nd period - Mikael Backlund wins face-off versus Shawn Horcoff in Flames zone.
11:24 of 2nd period - Wrist shot by Milan Michalek.
11:24 of 2nd period - Stopped by Antti Niemi without a rebound.
11:25 of 2nd period - Shawn Horcoff wins face-off versus Mikael Backlund in Flames zone.
11:44 of 2nd period - Wrist shot by Milan Michalek.
11:44 of 2nd period - Shot Misses the Net.
11:56 of 2nd period - Devante Smith-Pelly is hit by Toby Enstrom and loses puck.
12:05 of 2nd period - Snap shot by Mark Letestu.
12:05 of 2nd period - Stopped by Antti Niemi without a rebound.
12:06 of 2nd period - Aleksander Barkov wins face-off versus Devante Smith-Pelly in Flames zone.
12:31 of 2nd period - Snap shot by Aleksander Barkov.
12:31 of 2nd period - Stopped by Jonas Hiller with a rebound.
12:33 of 2nd period - Slapshot by Aleksander Barkov.
12:33 of 2nd period - Goal by Aleksander Barkov - RedWings : 0 - Flames : 3.
12:34 of 2nd period - Aleksander Barkov wins face-off versus Devante Smith-Pelly in neutral zone.
12:54 of 2nd period - Toby Enstrom is hit by Martin Erat and loses puck.
13:05 of 2nd period - Snap shot by Toby Enstrom.
13:05 of 2nd period - Stopped by Jonas Hiller without a rebound.
13:06 of 2nd period - Shawn Horcoff wins face-off versus Mikael Backlund in RedWings zone.
13:51 of 2nd period - Slapshot by Devante Smith-Pelly.
13:51 of 2nd period - Stopped by Antti Niemi without a rebound.
13:52 of 2nd period - Aleksander Barkov wins face-off versus Devante Smith-Pelly in Flames zone.
14:17 of 2nd period - Nick Spaling is hit by Shane Doan and loses puck.
14:52 of 2nd period - Mikael Backlund is hit by Patrick Sharp and loses puck.
15:10 of 2nd period - Penalty to Lance Bouma is over, Lance Bouma is back on ice.
15:14 of 2nd period - Lance Bouma is hit by Milan Michalek and loses puck.
16:34 of 2nd period - Steve Downie is hit by Martin St. Louis and loses puck.
16:47 of 2nd period - Backhand shot by Ryan White.
16:47 of 2nd period - Shot Blocked by Toby Enstrom.
16:49 of 2nd period - Wrist shot by Tomas Kopecky.
16:49 of 2nd period - Goal by Tomas Kopecky - RedWings : 1 - Flames : 3.
16:50 of 2nd period - Mikael Backlund wins face-off versus Mark Letestu in neutral zone.
16:59 of 2nd period - Minor Penalty to Lance Bouma for Hooking.
17:00 of 2nd period - Aleksander Barkov wins face-off versus Devante Smith-Pelly in Flames zone.
17:52 of 2nd period - Aleksander Barkov is hit by Devante Smith-Pelly and loses puck.
18:39 of 2nd period - Slapshot by Martin Erat.
18:39 of 2nd period - Stopped by Antti Niemi without a rebound.
18:40 of 2nd period - Shawn Horcoff wins face-off versus Mikael Backlund in Flames zone.
18:59 of 2nd period - Penalty to Lance Bouma is over, Lance Bouma is back on ice.
Goals for this period are 1 for RedWings vs 2 for Flames.
Shots for this period are 10 for RedWings vs 12 for Flames.

3rd period


0:01 of 3rd period - Shawn Horcoff wins face-off versus Aleksander Barkov in neutral zone.
0:14 of 3rd period - Snap shot by Aleksander Barkov.
0:14 of 3rd period - Shot Misses the Net.
0:54 of 3rd period - Jaden Schwartz is hit by Patrick Sharp and loses puck.
0:59 of 3rd period - Snap shot by Patrick Sharp.
0:59 of 3rd period - Stopped by Antti Niemi without a rebound.
1:00 of 3rd period - Jason Spezza wins face-off versus Devante Smith-Pelly in Flames zone.
1:32 of 3rd period - Snap shot by Jaden Schwartz.
1:32 of 3rd period - Stopped by Jonas Hiller without a rebound.
1:33 of 3rd period - Mark Letestu wins face-off versus Mikael Backlund in RedWings zone.
1:42 of 3rd period - Wrist shot by Chris VandeVelde.
1:42 of 3rd period - Goal by Chris VandeVelde - RedWings : 2 - Flames : 3.
1:43 of 3rd period - Mikael Backlund wins face-off versus Shawn Horcoff in neutral zone.
1:58 of 3rd period - Wrist shot by Shane Doan.
1:58 of 3rd period - Shot Blocked by TJ Brodie.
2:00 of 3rd period - Slapshot by Alexei Emelin.
2:00 of 3rd period - Stopped by Antti Niemi with a rebound.
2:25 of 3rd period - Dougie Hamilton is hit by Alexei Emelin and loses puck.
2:41 of 3rd period - Icing by Patrick Sharp.
2:42 of 3rd period - Devante Smith-Pelly wins face-off versus Jason Spezza in RedWings zone.
2:42 of 3rd period - Devante Smith-Pelly is hit by Jaden Schwartz.
2:50 of 3rd period - Kris Russell is hit by Devante Smith-Pelly and loses puck.
3:19 of 3rd period - Snap shot by Jason Pominville.
3:19 of 3rd period - Stopped by Jonas Hiller with a rebound.
3:37 of 3rd period - Snap shot by Johnny Gaudreau.
3:37 of 3rd period - Shot Misses the Net.
3:39 of 3rd period - Slapshot by David Savard.
3:39 of 3rd period - Shot Blocked by Martin Erat.
4:15 of 3rd period - Slapshot by Aleksander Barkov.
4:15 of 3rd period - Stopped by Jonas Hiller with a rebound.
4:17 of 3rd period - Wrist shot by Michael Frolik.
4:17 of 3rd period - Stopped by Jonas Hiller without a rebound.
4:18 of 3rd period - Michael Frolik wins face-off versus Shawn Horcoff in RedWings zone.
4:45 of 3rd period - Snap shot by Aaron Ekblad.
4:45 of 3rd period - Deflect By Milan Michalek.
4:45 of 3rd period - Stopped by Antti Niemi with a rebound.
4:52 of 3rd period - Off-side.
4:53 of 3rd period - Mark Letestu wins face-off versus Jason Spezza in neutral zone.
5:00 of 3rd period - Slapshot by Mark Letestu.
5:00 of 3rd period - Shot Blocked by Toby Enstrom.
5:22 of 3rd period - Snap shot by Jaden Schwartz.
5:22 of 3rd period - Shot Misses the Net.
5:24 of 3rd period - Slapshot by Kris Russell.
5:24 of 3rd period - Stopped by Jonas Hiller with a rebound.
5:26 of 3rd period - Backhand shot by Jaden Schwartz.
5:26 of 3rd period - Deflect By Jason Spezza.
5:26 of 3rd period - Shot Misses the Net.
5:26 of 3rd period - Puck is out of play.
5:27 of 3rd period - Sean Monahan wins face-off versus Ryan White in RedWings zone.
5:39 of 3rd period - Minor Penalty to Shane Doan for Hooking.
5:40 of 3rd period - Mark Letestu wins face-off versus Sean Monahan in RedWings zone.
6:18 of 3rd period - Johnny Gaudreau is hit by Zbynek Michalek and loses puck.
6:40 of 3rd period - Mark Letestu is hit by Kris Russell and loses puck.
7:39 of 3rd period - Penalty to Shane Doan is over, Shane Doan is back on ice.
7:46 of 3rd period - Snap shot by Shawn Horcoff.
7:46 of 3rd period - Shot Blocked by Brian Campbell.
7:48 of 3rd period - Backhand shot by Alexei Emelin.
7:48 of 3rd period - Stopped by Antti Niemi with a rebound.
8:00 of 3rd period - Slapshot by Shane Doan.
8:00 of 3rd period - Shot Blocked by Jason Spezza.
8:02 of 3rd period - Snap shot by Aaron Ekblad.
8:02 of 3rd period - Stopped by Antti Niemi without a rebound.
8:03 of 3rd period - Ryan White wins face-off versus Aleksander Barkov in Flames zone.
8:27 of 3rd period - Wrist shot by Aleksander Barkov.
8:27 of 3rd period - Deflect By Reilly Smith.
8:27 of 3rd period - Stopped by Jonas Hiller with a rebound.
8:37 of 3rd period - Snap shot by Aleksander Barkov.
8:37 of 3rd period - Stopped by Jonas Hiller with a rebound.
8:39 of 3rd period - Slapshot by TJ Brodie.
8:39 of 3rd period - Shot Blocked by Eric Gryba.
8:51 of 3rd period - John-Michael Liles is hit by Nick Spaling and loses puck.
9:10 of 3rd period - Shane Doan is hit by Brian Campbell and loses puck.
9:30 of 3rd period - Slapshot by Aaron Ekblad.
9:30 of 3rd period - Deflect By David Savard.
9:30 of 3rd period - Stopped by Antti Niemi with a rebound.
10:04 of 3rd period - Wrist shot by Johnny Gaudreau.
10:04 of 3rd period - Stopped by Jonas Hiller without a rebound.
10:05 of 3rd period - Devante Smith-Pelly wins face-off versus Aleksander Barkov in RedWings zone.
10:20 of 3rd period - Zbynek Michalek is hit by Michael Frolik and loses puck.
10:59 of 3rd period - Minor Penalty to Eric Gryba for Goalie Interference.
11:00 of 3rd period - Mark Letestu wins face-off versus Martin St. Louis in RedWings zone.
11:34 of 3rd period - Slapshot by Aaron Ekblad.
11:34 of 3rd period - Stopped by Antti Niemi with a rebound.
11:44 of 3rd period - Slapshot by Aaron Ekblad.
11:44 of 3rd period - Shot Blocked by Martin St. Louis.
11:46 of 3rd period - Slapshot by Alexei Emelin.
11:46 of 3rd period - Stopped by Antti Niemi with a rebound.
11:48 of 3rd period - Slapshot by Alexei Emelin.
11:48 of 3rd period - Stopped by Antti Niemi with a rebound.
12:22 of 3rd period - Snap shot by Aaron Ekblad.
12:22 of 3rd period - Deflect By Devante Smith-Pelly.
12:22 of 3rd period - Shot Misses the Net.
12:22 of 3rd period - Puck is out of play.
12:23 of 3rd period - Jason Spezza wins face-off versus Chris VandeVelde in Flames zone.
12:59 of 3rd period - Penalty to Eric Gryba is over, Eric Gryba is back on ice.
13:05 of 3rd period - Patrick Sharp is hit by Sean Monahan and loses puck.
13:17 of 3rd period - Minor Penalty to Patrick Sharp for Roughing.
13:18 of 3rd period - Mark Letestu wins face-off versus Jaden Schwartz in RedWings zone.
13:46 of 3rd period - Minor Penalty to Shane Doan for Hooking.
13:47 of 3rd period - Sean Monahan wins face-off versus Mark Letestu in RedWings zone.
15:17 of 3rd period - Penalty to Patrick Sharp is over, Patrick Sharp is back on ice.
15:22 of 3rd period - Snap shot by Milan Michalek.
15:22 of 3rd period - Shot Misses the Net.
15:24 of 3rd period - Slapshot by Nick Leddy.
15:24 of 3rd period - Shot Blocked by Toby Enstrom.
15:26 of 3rd period - Snap shot by Milan Michalek.
15:26 of 3rd period - Shot Blocked by Toby Enstrom.
15:28 of 3rd period - Slapshot by Nick Leddy.
15:28 of 3rd period - Shot Misses the Net.
15:30 of 3rd period - Wrist shot by Patrick Sharp.
15:30 of 3rd period - Shot Misses the Net.
15:32 of 3rd period - Slapshot by Zbynek Michalek.
15:32 of 3rd period - Stopped by Antti Niemi without a rebound.
15:33 of 3rd period - Chris VandeVelde wins face-off versus Sean Monahan in Flames zone.
15:46 of 3rd period - Penalty to Shane Doan is over, Shane Doan is back on ice.
16:33 of 3rd period - Backhand shot by Michael Frolik.
16:33 of 3rd period - Shot Misses the Net.
17:43 of 3rd period - Jaden Schwartz is hit by Eric Gryba and loses puck.
19:01 of 3rd period - Slapshot by Mikael Backlund.
19:01 of 3rd period - Shot Misses the Net.
19:13 of 3rd period - RedWings, Jonas Hiller is pulled from the net.
19:25 of 3rd period - Wrist shot by Nick Leddy.
19:25 of 3rd period - Shot Misses the Net.
19:33 of 3rd period - Slapshot by Milan Michalek.
19:33 of 3rd period - Stopped by Antti Niemi with a rebound.
19:35 of 3rd period - Wrist shot by Zbynek Michalek.
19:35 of 3rd period - Stopped by Antti Niemi with a rebound.
19:37 of 3rd period - Snap shot by Zbynek Michalek.
19:37 of 3rd period - Deflect By Milan Michalek.
19:37 of 3rd period - Stopped by Antti Niemi without a rebound.
19:38 of 3rd period - Dave Cameron call a timeout for RedWings.
19:38 of 3rd period - Shawn Horcoff wins face-off versus Lance Bouma in Flames zone.
19:44 of 3rd period - Major / Game Misconduct Penalty to Lance Bouma for Head-butting.
19:44 of 3rd period - Lance Bouma is ejected from game.
19:45 of 3rd period - Aleksander Barkov wins face-off versus Devante Smith-Pelly in Flames zone.
19:45 of 3rd period - Aleksander Barkov is hit by Nick Leddy.
19:49 of 3rd period - Off-side.
19:50 of 3rd period - Devante Smith-Pelly wins face-off versus Aleksander Barkov in neutral zone.
Goals for this period are 1 for RedWings vs 0 for Flames.
Shots for this period are 14 for RedWings vs 8 for Flames.